AoeStats
← Westbergen

MegaRandom

510760560Analyzed
4v4 RM · 9h ago on Oct 2, 2026· 62m 45s· 8 players
Game mode
Random Map
Map size
Large (8 player)
Population
200
Speed
Normal
Resources
Standard
Victory
Conquest
Starting age
Dark Age
Ending age
Imperial Age
RankedLock teamsTeams togetherTeam positionsShared explorationLock speedFull tech treeHidden civsTurbo modeCheats
Victory
Defeat
🇨🇳 Saracens · China
1330
+17
🇨🇳 Huns · China
1278
+19
🇨🇳 Franks · China
1247
+20
🇨🇭 Koreans · Switzerland
1237
+19
🇸🇪 Magyars · Sweden
1506
-26
🇸🇪 Saxons · Sweden
1338
-19
🇸🇪 Ethiopians · Sweden
1326
-18
🇸🇪 Lithuanians · Sweden
1175
-12
redwolfliu
4:54 Loom
11:32 Feudal Age
12:04 Double-Bit Axe
12:03 Horse Collar
19:06 Castle Age
18:07 Scale Barding Armor
18:41 Forging
19:25 Wheelbarrow
23:57 Bloodlines
24:27 Husbandry
27:59 Chain Barding Armor
30:20 Stone Mining
30:25 Gold Mining
31:49 Stone Mining
37:14 Imperial Age
35:03 Hand Cart
35:54 Gold Shaft Mining
35:56 Iron Casting
37:34 Bow Saw
37:28 Heavy Plow
37:25 Cavalier
39:04 Plate Barding Armor
39:52 Conscription
40:47 Blast Furnace
41:20 Two-Man Saw
41:22 Paladin
44:10 Fletching
46:17 Bodkin Arrow
46:23 Padded Archer Armor
48:14 Bracer
48:29 Leather Archer Armor
48:22 Thumb Ring
47:42 Elite Skirmisher
49:48 Ballistics
50:29 Chemistry
52:03 Light Cavalry
54:37 Masonry
54:30 Scale Mail Armor
54:36 Hussar
56:42 Chain Mail Armor
56:29 Caravan
56:33 Capped Ram
57:30 Pikeman
57:57 Arson
58:13 Squires
58:31 Halberdier
58:40 Siege Ram
飘雪
0:37 Loom
11:03 Feudal Age
14:06 Double-Bit Axe
14:55 Horse Collar
16:07 Bloodlines
22:23 Castle Age
20:57 Stone Mining
23:24 Bow Saw
23:37 Heavy Plow
24:49 Gold Mining
27:20 Wheelbarrow
27:13 Forging
27:43 Scale Barding Armor
29:29 Chain Barding Armor
31:55 Iron Casting
35:44 Bimaristan
38:00 Hand Cart
45:06 Imperial Age
45:24 Elite Mameluke
46:25 Conscription
47:30 Plate Barding Armor
48:59 Blast Furnace
51:38 Hoardings
60:45 Caravan
the Puchu
0:49 Loom
14:17 Feudal Age
21:26 Fletching
21:57 Double-Bit Axe
28:03 Castle Age
28:31 Crossbowman
30:07 Elite Skirmisher
38:36 Town Watch
45:34 Gold Mining
52:19 Imperial Age
50:16 Bodkin Arrow
50:48 Thumb Ring
52:20 Arbalester
53:01 Bracer
54:03 Chemistry
54:03 Ballistics
53:15 Capped Ram
63:13 Caravan
风生水起
2:12 Loom
12:46 Feudal Age
18:22 Castle Age
16:09 Double-Bit Axe
16:39 Gold Mining
19:30 Scale Barding Armor
21:46 Husbandry
24:54 Wheelbarrow
26:56 Gold Shaft Mining
28:06 Chain Barding Armor
30:00 Forging
31:28 Iron Casting
36:35 Stone Mining
43:41 Imperial Age
41:45 Elite Skirmisher
44:05 Bow Saw
43:53 Cavalier
45:13 Plate Barding Armor
45:41 Blast Furnace
44:46 Squires
45:08 Paladin
46:14 Conscription
48:25 Fletching
48:37 Padded Archer Armor
48:26 Pikeman
50:54 Scale Mail Armor
52:01 Light Cavalry
53:00 Chain Mail Armor
52:30 Halberdier
53:41 Caravan
54:52 Plate Mail Armor
58:31 Bodkin Arrow
58:26 Gambesons
60:30 Leather Archer Armor
63:46 Chemistry
Creweer
0:38 Loom
10:53 Feudal Age
17:22 Double-Bit Axe
21:33 Fletching
26:06 Horse Collar
32:15 Castle Age
33:00 Bodkin Arrow
33:22 Guard Tower
34:16 Ballistics
35:33 Heavy Plow
37:20 Pikeman
37:49 Gambesons
38:05 Scale Mail Armor
38:16 Forging
39:06 Fortified Wall
38:53 Murder Holes
39:24 Squires
39:57 Bow Saw
48:02 Treadmill Crane
55:03 Imperial Age
55:28 Chain Mail Armor
56:26 Keep
56:52 Chemistry
55:54 Bracer
57:53 Elite Varangian Guard
59:16 Plate Mail Armor
58:17 Elite Skirmisher
60:57 Coinage
62:27 Padded Archer Armor
Westbergen
11:28 Feudal Age
18:21 Castle Age
17:19 Double-Bit Axe
17:44 Scale Barding Armor
20:27 Wheelbarrow
20:57 Bow Saw
26:32 Horse Collar
28:03 Pikeman
29:05 Scale Barding Armor
29:00 Scale Mail Armor
33:34 Chain Barding Armor
33:25 Forging
37:45 Imperial Age
36:24 Bloodlines
36:51 Iron Casting
37:27 Husbandry
37:23 Fletching
37:49 Cavalier
39:26 Hand Cart
40:03 Halberdier
42:38 Plate Barding Armor
42:19 Chain Mail Armor
42:37 Paladin
43:30 Bodkin Arrow
49:37 Squires
49:22 Arson
51:51 Two-Man Saw
53:37 Caravan
54:04 Light Cavalry
johansoderstrom1
1:13 Loom
12:12 Feudal Age
16:43 Castle Age
15:31 Double-Bit Axe
17:50 Bow Saw
18:38 Fletching
19:17 Crossbowman
26:30 Ballistics
29:40 Bodkin Arrow
31:59 Padded Archer Armor
43:04 Wheelbarrow
43:30 Horse Collar
45:52 Gold Mining
49:20 Imperial Age
50:02 Hand Cart
49:42 Arbalester
51:29 Leather Archer Armor
54:08 Bracer
54:39 Ring Archer Armor
54:35 Thumb Ring
59:47 Chemistry
58:22 Elite Skirmisher
59:17 Squires
59:04 Arson
KalasKula
0:35 Loom
12:18 Feudal Age
16:15 Castle Age
15:52 Fletching
15:53 Double-Bit Axe
16:52 Fletching
20:42 Bodkin Arrow
21:53 Padded Archer Armor
22:09 Bow Saw
24:48 Wheelbarrow
26:21 Husbandry
27:16 Horse Collar
32:19 Heavy Plow
33:27 Gold Mining
34:29 Hand Cart
36:02 Thumb Ring
40:55 Imperial Age
38:53 Bloodlines
39:32 Gold Shaft Mining
39:31 Ballistics
40:18 Caravan
40:46 Leather Archer Armor
41:45 Bracer
43:08 Ring Archer Armor
43:40 Chemistry
43:10 Conscription
43:52 Recurve Bow
44:34 Heavy Cavalry Archer
45:39 Parthian Tactics
47:56 Scale Mail Armor
49:05 Pikeman
50:01 Chain Mail Armor
50:10 Stone Mining
54:08 Two-Man Saw
57:37 Coinage
60:24 Crop Rotation
59:37 Light Cavalry
Connection lost

Rejoining the realm…

Still unreachable

The connection could not be restored.

Session expired

The server has moved on; the page needs a fresh start.